 Dungeon Crawl Stone Soup version 0.28.0-1-gb440e238dd (webtiles) character file.

Game seed: 6828199803461210281

72 Ablot the Grasshopper (level 4, -11/57 HPs)
             Began as a Gnoll Warper on Feb 22, 2022.
             Killed by divine providence
             ... invoked by an orc priest
              (13 damage)
             ... on level 2 of the Dungeon.
             The game lasted 00:04:56 (2498 turns).

Ablot the Grasshopper (Gnoll Warper)                Turns: 2498, Time: 00:04:57

Health: -11/57     AC:  6    Str: 13    XL:     4   Next: 26%
Magic:  11/11      EV: 11    Int: 12    God:
Gold:   28         SH:  0    Dex: 11    Spells: 11/13 levels left

rFire   . . .      SeeInvis .   a - +0 spear
rCold   . . .      Faith    .   (no shield)
rNeg    . . .      Spirit   .   o - +0 ring mail
rPois   .          Reflect  .   (no helmet)
rElec   .          Harm     .   (no cloak)
rCorr   .          Rampage  .   (no gloves)
Will    .....                   e - +0 pair of boots
Stlth   ..........              (no amulet)
HPRegen 0.19/turn               (no ring)
MPRegen 0.12/turn               (no ring)

@: berserking, very quick
A: fangs 1, strong nose, distributed training
a: no special abilities


You were on level 2 of the Dungeon.
You visited 1 branch of the dungeon, and saw 2 of its levels.

You collected 83 gold pieces.
You spent 55 gold pieces at shops.

Inventory:

Hand Weapons
 a - a +0 spear (weapon)
Missiles
 d - 5 boomerangs of dispersal (quivered)
 h - 8 stones
 k - 15 bolts
Armour
 b - a +0 leather armour
 e - a +0 pair of boots (worn)
 o - a +0 ring mail (worn)
Scrolls
 c - a scroll of blinking
 g - 2 scrolls of holy word {unknown}
 i - a scroll of torment {unknown}
 l - a scroll of fog {unknown}
 n - a scroll of amnesia {unknown}
 p - a scroll of teleportation {unknown}
 q - a scroll of enchant armour {unknown}
 r - a scroll of fear {unknown}
 t - a scroll of silence {unknown}
Potions
 f - a potion of curing
 j - a potion of heal wounds {unknown}
 m - a potion of berserk rage
 s - a potion of magic {unknown}


   Skills:
 + Level 4.6 Fighting
 + Level 1.1 Short Blades
 + Level 1.1 Long Blades
 + Level 1.1 Axes
 + Level 1.1 Maces & Flails
 + Level 4.6 Polearms
 + Level 1.1 Staves
 + Level 1.1 Slings
 + Level 1.1 Bows
 + Level 1.1 Crossbows
 + Level 2.7 Throwing
 + Level 2.7 Armour
 + Level 4.6 Dodging
 + Level 1.1 Stealth
 + Level 1.1 Shields
 + Level 1.1 Unarmed Combat
 + Level 5.0 Spellcasting
 + Level 0.8 Conjurations
 + Level 0.8 Hexes
 + Level 0.8 Summonings
 + Level 0.8 Necromancy
 + Level 5.4 Translocations
 + Level 0.8 Transmutations
 + Level 0.8 Fire Magic
 + Level 0.8 Ice Magic
 + Level 0.8 Air Magic
 + Level 0.8 Earth Magic
 + Level 0.8 Poison Magic
 + Level 1.2 Invocations
 + Level 1.1 Evocations


You had 11 spell levels left.
You knew the following spells:

 Your Spells              Type           Power      Damage    Failure   Level
a - Blink                 Tloc           32%        N/A       6%          2

Your spell library contained the following spells:

 Spells                   Type           Power      Damage    Failure   Level
 Gell's Gravitas          Tloc           16%        N/A       13%         3
 Lesser Beckoning         Tloc           16%        N/A       13%         3
 Teleport Other           Tloc           16%        N/A       13%         3
 Portal Projectile        Hex/Tloc       20%        N/A       32%         3
 Static Discharge         Conj/Air       5%         N/A       41%         2
 Call Canine Familiar     Summ           5%         N/A       65%         3
 Manifold Assault         Tloc           16%        N/A       75%         5
 Dispel Undead            Necr           5%         3d7       96%         4
 Leda's Liquefaction      Hex/Erth       2%         N/A       96%         4
 Sticky Flame             Conj/Fire      5%         2d3       96%         4


Dungeon Overview and Level Annotations

Branches:
Dungeon (2/15)

Altars:

Shops:
D:1 :   D:2 *


Innate Abilities, Weirdness & Mutations

You have very sharp teeth.
Your uncanny sense of smell can sniff out nearby items.
Your experience applies equally to all skills.


Message History

The orc priest miscasts a cantrip.
You hit the orc priest but do no damage.
The orc priest is lightly wounded.
An orc priest comes into view. It is wielding a +0 short sword.
The orc priest mumbles some strange prayers to Beogh against you.
Beogh smites you!
* * * LOW HITPOINT WARNING * * *
The orc priest shouts!
You hit the orc priest.
You punch the orc priest, but do no damage.
The orc priest is moderately wounded.
The orc priest closely misses you.
You hit the orc priest.
The orc priest is moderately wounded.
You closely miss the orc priest.
The orc priest is moderately wounded.
The orc priest barely misses you.
You closely miss the orc priest.
The orc priest is moderately wounded.
The orc priest casts a cantrip, but nothing happens.
The orc priest looks satisfied for a moment.
Unknown command.
It was a potion of curing.
You feel better. The orc priest hits you with a +0 whip.
Unknown command.
You barely miss the orc priest.
The orc priest is moderately wounded.
The orc priest looks satisfied for a moment.
The orc priest calls down the wrath of Beogh upon you.
Beogh smites you!
* * * LOW HITPOINT WARNING * * *
Unknown command.
It was a potion of berserk rage.
A red film seems to cover your vision as you go berserk!
You feel yourself moving faster!
You feel mighty! The orc priest misses you.
You hit the orc priest.
The orc priest is heavily wounded.
The orc priest invokes the aid of Beogh against you.
Beogh smites you!
You die...

.## ... ∆ ..#
#.# #.# #.#
#####.# # #.#
)..[..# #. #@#
..# ......#
#.######o# #.#
####.##
#.#...oo# #.#
#
#.....########
#.#
##..........[.
#.#
#.....########
#.# #.#...## ∆
#.# #. ##.##
#.## # #.#
#..#


You could see 2 orc priests and an orc.

Vanquished Creatures
  An adder (D:2)
  A worm (D:2)
  2 dart slugs (D:1)
  An orc (D:2)
  3 endoplasms
  5 hobgoblins
  10 jackals (D:1)
  5 kobolds (D:1)
  2 quokkas
  5 ball pythons
  7 bats
  A frilled lizard (D:1)
  3 goblins
  5 rats
51 creatures vanquished.

Notes
Turn   | Place    | Note
-------+----------+-------------------------------------------
     0 | D:1      | Ablot the Gnoll Warper began the quest for the Orb.
     0 | D:1      | Reached XP level 1. HP: 20/20 MP: 6/6
   154 | D:1      | Found Gugil's Book Emporium.
   170 | D:1      | Reached XP level 2. HP: 18/26 MP: 7/7
   179 | D:1      | Learned a level 2 spell: Blink
   831 | D:1      | Reached XP level 3. HP: 31/31 MP: 9/9
   863 | D:1      | Reached skill level 5 in Spellcasting
  1018 | D:1      | Found a faded altar of an unknown god.
  1375 | D:1      | Reached skill level 1 in Invocations
  1948 | D:2      | Reached skill level 1 in Short Blades
  1948 | D:2      | Reached skill level 1 in Long Blades
  1948 | D:2      | Reached skill level 1 in Axes
  1948 | D:2      | Reached skill level 1 in Maces & Flails
  1948 | D:2      | Reached skill level 1 in Staves
  1948 | D:2      | Reached skill level 1 in Slings
  1948 | D:2      | Reached skill level 1 in Bows
  1948 | D:2      | Reached skill level 1 in Crossbows
  1948 | D:2      | Reached skill level 1 in Stealth
  1948 | D:2      | Reached skill level 1 in Shields
  1948 | D:2      | Reached skill level 1 in Unarmed Combat
  1948 | D:2      | Reached skill level 1 in Evocations
  2105 | D:2      | Reached XP level 4. HP: 19/38 MP: 11/11
  2436 | D:2      | Found Reyti's Assorted Antiques.
  2444 | D:2      | Bought a fuming emerald potion for 26 gold pieces
  2444 | D:2      | Bought a scroll labelled ZOYVVU DENES for 29 gold pieces
  2496 | D:2      | HP: 1/38 [orc priest/divine providence (13)]
  2498 | D:2      | Killed from afar by an orc priest

Illustrated notes

Levels and vault maps discovered:
D:1:      tarquinn_simple_flora_water_c, layout_rooms, serial_shops,
          nicolae_shop_crystal, basic_ecumenical_altar, serial_co_window_serial,
          co_window_of_opportunity_a, co_window_paths_a, co_window_paths_b,
          co_window_of_opportunity_a, co_window_cross_1,
          co_window_of_opportunity_a, co_window_corner_ca, co_window_2corner,
          co_window_broadway_c, co_window_cross_3, co_window_of_opportunity_c,
          co_window_broadway_a, co_window_of_opportunity_b, glass_columns_a,
          glass_columns_a, glass_columns_a
D:2:      layout_loops_ring, serial_shops, shop

Skill      XL: |  1  2  3 |
---------------+----------+-----
Spellcasting   | 5 |  5.0
Invocations    | 1 |  1.2
Short Blades   | 1 |  1.1
Long Blades    | 1 |  1.1
Axes           | 1 |  1.1
Maces & Flails | 1 |  1.1
Staves         | 1 |  1.1
Slings         | 1 |  1.1
Bows           | 1 |  1.1
Crossbows      | 1 |  1.1
Stealth        | 1 |  1.1
Shields        | 1 |  1.1
Unarmed Combat | 1 |  1.1
Evocations     | 1 |  1.1
Fighting       | |  4.6
Polearms       | |  4.6
Throwing       | |  2.7
Armour         | |  2.7
Dodging        | |  4.6
Conjurations   | |  0.8
Hexes          | |  0.8
Summonings     | |  0.8
Necromancy     | |  0.8
Translocations | |  5.4
Transmutations | |  0.8
Fire Magic     | |  0.8
Ice Magic      | |  0.8
Air Magic      | |  0.8
Earth Magic    | |  0.8
Poison Magic   | |  0.8

Action                   |  1- 3 |  4- 6 || total
-------------------------+-------+-------++-------
Melee: Spear             |   200 |    26 ||   226
       Bite              |    20 |       ||    20
       Punch             |     5 |     2 ||     7
  Use: Potion            |       |     2 ||     2
 Stab: Sleeping          |     2 |       ||     2
       Distracted        |     1 |       ||     1
Armor: Leather armour    |    49 |       ||    49
       Ring mail         |     5 |     5 ||    10
Dodge: Dodged            |   107 |     9 ||   116
